 Dungeon Sprint DCSS version 0.27.1-4-g1640c2035a (webtiles) character file.

Game seed: 17904011331491444000

242 boopmooplesden the Blocker (level 5, -4/52 HPs)
             Began as a Minotaur Fighter on Nov 10, 2021.
             Was a Believer of Okawaru.
             Slain by a death yak (13 damage)
             ... in the Dungeon (Sprint VII: "The Pits").
             The game lasted 00:01:25 (371 turns).

boopmooplesden the Blocker (Minotaur Fighter)        Turns: 371, Time: 00:01:25

Health: -4/52      AC: 15    Str: 21    XL:     5   Next: 81%
Magic:  2/4        EV: 10    Int:  5    God:    Okawaru [**....]
Gold:   0          SH: 13    Dex: 10    Spells: 4/4 levels left

rFire    . . .     SeeInvis .   q - +0 long sword (holy)
rCold    . . .     Faith    .   c - +0 kite shield
rNeg     . . .     Spirit   .   p - +3 chain mail
rPois    .         Reflect  .   (helmet restricted)
rElec    .         Harm     .   (no cloak)
rCorr    .         Rampage  .   (no gloves)
Will     .....     NoTele   +   (no boots)
Stlth    ..........             (no amulet)
HPRegen  0.17/turn              (no ring)
MPRegen  0.09/turn              (no ring)

@: heroic
A: horns 2, retaliatory headbutt
a: Renounce Religion, Heroism


You were in the Dungeon.
You worshipped Okawaru.
Okawaru was pleased with you.
You visited 1 branch

Inventory:

Hand Weapons
 a - a +0 long sword
 k - a +2 falchion
 q - a +0 long sword of holy wrath (weapon)
Armour
 b - a +0 scale mail
 c - a +0 kite shield (worn)
 o - a +1 scale mail of poison resistance
 p - a +3 chain mail (worn)
Scrolls
 j - a scroll of blinking
 m - 5 scrolls of amnesia
 n - a scroll of summoning
Potions
 d - a potion of might
 e - 6 potions of curing
 f - 6 potions of heal wounds
 g - a potion of haste
 h - 4 potions of magic
 i - 3 potions of berserk rage
 l - 2 potions of invisibility


   Skills:
 + Level 7.5(12.5) Fighting
 + Level 7.3(12.3) Long Blades
 + Level 8.1(13.1) Armour
 + Level 2.8(7.8) Dodging
 + Level 8.1(13.1) Shields


You had 4 spell levels left.
You didn't know any spells.
Your spell library was empty.

Dungeon Overview and Level Annotations

Branches:
Dungeon (1/1)

Altars:
Ashenzari
Cheibriados
Dithmenos
Elyvilon
Fedhas
Gozag
Hepliaklqana
Kikubaaqudgha
Makhleb
Nemelex Xobeh
Okawaru
Qazlal
Ru
Sif Muna
Trog
Uskayaw
Vehumet
Wu Jian
Xom
Yredelemnul
Zin
The Shining One
Beogh
Jiyva
Lugonu


Innate Abilities, Weirdness & Mutations

You have a pair of horns on your head.
You reflexively headbutt those who attack you in melee.


Message History

You kill the gnoll shaman!
Okawaru accepts your kill.
Your Armour skill increases to level 8!
Your Shields skill increases to level 8!
There is an open door, spattered with blood here.
Things that are here:
a +0 whip; a +0 leather armour You start resting.
HP restored.
You open the door.
A death yak comes into view.
The death yak bellows!
You gain the combat prowess of a mighty hero.
The death yak gores you!
You hit the death yak.
The death yak is lightly wounded.
You block the death yak's attack.
You hit the death yak.
The death yak is lightly wounded.
You hit the death yak but do no damage. You headbutt the death yak.
The death yak is lightly wounded.
You block the death yak's attack.
You hit the death yak. You headbutt the death yak.
The death yak is lightly wounded.
The death yak gores you!
You hit the death yak.
The death yak is moderately wounded.
You block the death yak's attack.
You hit the death yak.
You headbutt the death yak, but do no damage.
The death yak is moderately wounded.
You hit the death yak.
The death yak is moderately wounded.
The death yak gores you!!
* * * LOW HITPOINT WARNING * * *
You hit the death yak but do no damage.
You headbutt the death yak, but do no damage.
The death yak is moderately wounded.
The death yak gores you!
You die...

#)#........##.......#
#'###########.......#
#.......# #########
#...#...# #...#...#
#.##.##.#+#
#...#...#.+
#...#...#Y#
#.......)@#
###########


You could see a death yak.

Vanquished Creatures
  A floating eye (D)
  A bullfrog (D)
  A gnoll shaman (D)
  Terence (D)
  A mummy (D)
  An adder skeleton (D)
  2 orcs (D)
  A goblin (D)
  2 quokkas (D)
  A ball python (D)
  A ball python skeleton (D)
  A frilled lizard (D)
  A kobold (D)
  A quokka skeleton (D)
16 creatures vanquished.

Notes
Turn   | Place    | Note
-------+----------+-------------------------------------------
     0 | D        | boopmooplesden the Minotaur Fighter began the quest for the
                  | Orb.
     0 | D        | Reached XP level 1. HP: 19/19 MP: 0/0
    37 | D        | Found a bloodstained altar of Trog.
    37 | D        | Found a shimmering blue altar of Sif Muna.
    37 | D        | Found a viscous altar of Jiyva.
    37 | D        | Found a hazy altar of Hepliaklqana.
    37 | D        | Found an opulent altar of Gozag.
    38 | D        | Found a glowing golden altar of the Shining One.
    38 | D        | Found a glowing silver altar of Zin.
    38 | D        | Found a basalt altar of Yredelemnul.
    38 | D        | Found a shimmering altar of Xom.
    38 | D        | Found an ornate altar of the Wu Jian Council.
    38 | D        | Found a sacrificial altar of Ru.
    38 | D        | Found a stormy altar of Qazlal.
    38 | D        | Found an iron altar of Okawaru.
    38 | D        | Found a sparkling altar of Nemelex Xobeh.
    38 | D        | Found a burning altar of Makhleb.
    38 | D        | Found a blossoming altar of Fedhas.
    38 | D        | Found a white marble altar of Elyvilon.
    38 | D        | Found a shadowy altar of Dithmenos.
    38 | D        | Found a snail-covered altar of Cheibriados.
    40 | D        | Found a radiant altar of Vehumet.
    40 | D        | Found a corrupted altar of Lugonu.
    41 | D        | Found a hide-covered altar of Uskayaw.
    41 | D        | Found an ancient bone altar of Kikubaaqudgha.
    41 | D        | Found a broken altar of Ashenzari.
    45 | D        | Became a worshipper of Warmaster Okawaru
    81 | D        | Noticed Terence
    99 | D        | Killed Terence
   100 | D        | Reached skill level 5 in Armour
   100 | D        | Reached skill level 1 in Dodging
   100 | D        | Reached skill level 5 in Shields
   100 | D        | Reached XP level 2. HP: 14/28 MP: 1/1
   100 | D        | Reached XP level 3. HP: 18/35 MP: 2/2
   251 | D        | Noticed a floating eye
   254 | D        | Paralysed by a floating eye for 2 turns
   255 | D        | Noticed a bullfrog
   258 | D        | Killed a floating eye
   258 | D        | Reached * piety under Okawaru
   259 | D        | Reached skill level 5 in Long Blades
   259 | D        | Reached XP level 4. HP: 43/45 MP: 3/3
   267 | D        | Killed a bullfrog
   268 | D        | Reached XP level 5. HP: 45/52 MP: 4/4
   277 | D        | Reached ** piety under Okawaru
   362 | D        | Noticed a death yak
   371 | D        | Slain by a death yak

Illustrated notes

Levels and vault maps discovered:
D:        pitsprint [storerooms_1, entrance_room_1, metal_vault_5, armoury_2,
          mini_pit_1, grid_room_1, main_hall_1, silver_pit, the_coven_3,
          the_vestibule_1, steel_vault_4, golden_pit, hallway_of_sentries,
          crystal_vault_6, iron_vault_1, final_vault]

Skill      XL: |  1  2  3  4  5 |
---------------+----------------+-----
Armour         | 5 7 8 |  8.1
Long Blades    | 3 5 6 7 |  7.3
Shields        | 5 7 8 |  8.1
Fighting       | 4 6 7 |  7.5
Dodging        | 1 2 |  2.8

Action                   |  1- 3 |  4- 6 || total
-------------------------+-------+-------++-------
Melee: Falchion          |    26 |       ||    26
       Headbutt          |     5 |     6 ||    11
       Long sword        |     5 |    31 ||    36
Invok: Heroism           |       |     1 ||     1
Armor: Scale mail        |     4 |       ||     4
       Chain mail        |     1 |     3 ||     4
Dodge: Dodged            |    10 |     5 ||    15
Block: Kite shield       |    17 |    14 ||    31
       Rpst.: Falchion   |     2 |       ||     2
       Long sword        |     1 |     2 ||     3
